AoeStats
← tonytctang

Black Forest

506803078Analyzed
4v4 RM · 17d ago on Sep 15, 2026· 59m 11s· 8 players
Game mode
Random Map
Map size
Large (8 player)
Population
200
Speed
Normal
Resources
Standard
Victory
Conquest
Starting age
Dark Age
Ending age
Imperial Age
RankedLock teamsTeams togetherTeam positionsShared explorationLock speedFull tech treeHidden civsTurbo modeCheats
Victory
Defeat
🇩🇰 Persians · Denmark
1180
+13
🇪🇸 Romans · Spain
1141
+14
🇧🇷 Britons · Brazil
1098
+16
🇨🇱 Teutons · Chile
1029
+20
🇦🇺 Japanese · Australia
1156
-18
🇭🇰 Turks · Hong Kong SAR China
1127
-17
🇭🇰 Saracens · Hong Kong SAR China
1119
-16
🇦🇺 Franks · Australia
1015
-12
CapitanCaster
7:56 Loom
10:17 Feudal Age
10:54 Double-Bit Axe
10:50 Horse Collar
12:49 Man-at-Arms
17:48 Castle Age
17:14 Gold Mining
17:17 Stone Mining
17:55 Forging
17:45 Scale Mail Armor
21:09 Heavy Plow
21:35 Bow Saw
24:21 Gold Shaft Mining
26:01 Wheelbarrow
25:13 Town Watch
27:27 Hand Cart
27:13 Town Patrol
28:35 Iron Casting
28:36 Long Swordsman
29:17 Squires
28:57 Elite Skirmisher
30:57 Fletching
31:23 Chain Mail Armor
32:48 Padded Archer Armor
32:44 Bodkin Arrow
36:59 Imperial Age
35:19 Leather Archer Armor
35:10 Scale Barding Armor
36:10 Ballistics
36:01 Fortified Wall
37:22 Legionary
39:29 Chemistry
38:54 Conscription
39:19 Crop Rotation
40:02 Ring Archer Armor
40:36 Blast Furnace
41:50 Pikeman
42:53 Chain Barding Armor
42:58 Comitatenses
42:19 Halberdier
47:18 Elite Centurion
49:34 Fortified Wall
49:50 Chain Barding Armor
56:56 Siege Engineers
Shibani
0:28 Loom
12:33 Feudal Age
16:19 Castle Age
16:34 Horse Collar
16:41 Double-Bit Axe
17:59 Heavy Plow
21:18 Fletching
24:59 Bodkin Arrow
35:10 Imperial Age
33:48 Wheelbarrow
35:09 Hand Cart
34:40 Town Watch
35:19 Hand Cart
35:51 Ballistics
37:11 Chemistry
36:22 Bracer
37:21 Masonry
37:31 Padded Archer Armor
37:44 Gold Mining
38:31 Conscription
38:28 Fortified Wall
40:15 Yeomen
40:52 Architecture
41:14 Gold Shaft Mining
40:31 Stone Mining
40:04 Elite Longbowman
40:59 Treadmill Crane
41:15 Murder Holes
41:40 Leather Archer Armor
41:41 Guilds
42:36 Siege Engineers
44:31 Guard Tower
44:27 Arrowslits
46:51 Bow Saw
50:53 Hoardings
58:52 Keep
58:27 Spies/Treason
58:35 Spies/Treason
pegador
0:59 Loom
12:12 Feudal Age
14:14 Wheelbarrow
17:09 Castle Age
17:04 Double-Bit Axe
18:28 Hand Cart
19:05 Horse Collar
24:54 Heavy Plow
25:08 Bow Saw
33:26 Imperial Age
30:44 Town Watch
31:06 Man-at-Arms
31:32 Gambesons
31:47 Squires
31:56 Arson
34:05 Bloodlines
34:02 Gold Mining
34:03 Stone Mining
34:11 Cavalier
35:14 Forging
35:09 Scale Barding Armor
35:54 Scale Barding Armor
36:57 Crop Rotation
37:29 Two-Man Saw
36:44 Bloodlines
37:23 Fortified Wall
37:33 Paladin
39:30 Chemistry
40:46 Chain Barding Armor
41:32 Iron Casting
42:31 Plate Barding Armor
46:48 Blast Furnace
46:41 Fletching
46:51 Padded Archer Armor
[Gio]. AR
10:15 Feudal Age
14:33 Castle Age
12:39 Horse Collar
13:04 Double-Bit Axe
15:15 Bow Saw
15:33 Loom
19:35 Heavy Plow
20:53 Wheelbarrow
21:01 Town Watch
22:33 Town Watch
24:26 Scale Barding Armor
24:55 Hand Cart
25:18 Bloodlines
25:09 Husbandry
25:20 Forging
25:26 Gold Mining
26:31 Town Patrol
27:03 Chain Barding Armor
27:19 Iron Casting
27:30 Gold Shaft Mining
28:19 Devotion
29:15 Caravan
31:58 Imperial Age
30:37 Ballistics
32:01 Fervor
32:50 Plate Barding Armor
31:37 Cavalier
32:13 Stone Mining
34:16 Blast Furnace
34:02 Savar
36:23 Scale Mail Armor
38:28 Chemistry
37:38 Masonry
37:30 Capped Ram
38:00 Heavy Camel Rider
39:18 Chain Mail Armor
45:56 Stone Shaft Mining
45:34 Guilds
49:47 Architecture
53:53 Light Cavalry
55:54 Conscription
56:11 Hoardings
56:02 Hussar
tonytctang
4:12 Loom
11:12 Feudal Age
11:46 Double-Bit Axe
11:55 Horse Collar
15:40 Gold Mining
17:11 Wheelbarrow
19:16 Castle Age
17:09 Stone Mining
20:55 Bow Saw
20:48 Heavy Plow
21:29 Gold Shaft Mining
26:54 Hand Cart
26:28 Town Watch
27:03 Caravan
30:16 Imperial Age
29:28 Ballistics
30:08 Forging
31:17 Bloodlines
31:08 Husbandry
31:11 Light Cavalry
33:58 Two-Man Saw
33:29 Conscription
36:12 Scale Barding Armor
36:43 Iron Casting
36:09 Hussar
37:24 Chain Barding Armor
38:41 Plate Barding Armor
39:40 Blast Furnace
39:45 Elite Mameluke
40:59 Masonry
40:30 Treadmill Crane
44:45 Fortified Wall
45:36 Chemistry
50:32 Fletching
50:42 Padded Archer Armor
54:12 Town Patrol
Porkroll
13:14 Feudal Age
18:09 Castle Age
18:03 Man-at-Arms
19:40 Long Swordsman
29:55 Wheelbarrow
32:17 Horse Collar
32:28 Double-Bit Axe
38:35 Imperial Age
36:26 Pikeman
38:33 Hand Cart
38:47 Two-Handed Swordsman
Hispaniola
12:15 Feudal Age
10:31 Loom
16:54 Castle Age
15:02 Double-Bit Axe
15:12 Gold Mining
23:51 Scale Barding Armor
24:26 Forging
25:49 Husbandry
26:20 Stone Mining
27:17 Wheelbarrow
28:53 Chain Barding Armor
29:09 Iron Casting
28:26 Town Watch
31:23 Hand Cart
34:40 Imperial Age
32:12 Fletching
33:24 Town Patrol
34:16 Gold Shaft Mining
34:00 Bow Saw
35:02 Ballistics
35:58 Chivalry
35:55 Cavalier
37:15 Siege Engineers
38:44 Plate Barding Armor
39:13 Blast Furnace
39:06 Devotion
40:23 Murder Holes
43:59 Paladin
kit7292001
1:48 Loom
12:22 Feudal Age
13:10 Double-Bit Axe
13:13 Horse Collar
18:07 Castle Age
16:24 Gold Mining
28:31 Imperial Age
26:29 Heavy Plow
32:03 Scale Mail Armor
32:05 Padded Archer Armor
32:42 Wheelbarrow
35:26 Artillery
35:59 Leather Archer Armor
35:59 Chain Mail Armor
35:47 Squires
36:37 Elite Janissary
38:47 Bloodlines
38:38 Husbandry
56:45 Forging
Connection lost

Rejoining the realm…

Still unreachable

The connection could not be restored.

Session expired

The server has moved on; the page needs a fresh start.